 Dungeon Crawl Stone Soup version 0.18.1-48-g4cf74bf (webtiles) character file.

76 sudo the Skirmisher (level 4, -2/33 HPs)
             Began as a High Elf Abyssal Knight on June 29, 2016.
             Was a Believer of Lugonu.
             Slain by a hobgoblin
             ... wielding a +0 glaive
              (9 damage)
             ... on level 2 of the Dungeon.
             The game lasted 00:01:30 (1801 turns).

sudo the Skirmisher (High Elf Abyssal Knight)       Turns: 1801, Time: 00:01:30

Health: -2/33      AC:  3    Str: 12    XL:     4   Next: 12%
Magic:  6/6        EV: 12    Int: 15    God:    Lugonu [**....]
Gold:   100        SH:  0    Dex: 15    Spells: 0 memorised, 3 levels left

rFire  . . .     SeeInvis .     a - +1 falchion
rCold  . . .     Gourm    .     b - +0 leather armour
rNeg   . . .     Faith    .     (no shield)
rPois  .         Spirit   .     (no helmet)
rElec  .         Dismiss  .     (no cloak)
rCorr  .         Reflect  .     (no gloves)
SustAt .         Harm     .     (no boots)
MR     .....                    (no amulet)
Stlth  +.........               (no ring)
                                (no ring)

@: not resistant to hostile enchantments, very unstealthy
A: no striking features
a: Depart the Abyss, Bend Space, Renounce Religion


You were on level 2 of the Dungeon.
You worshipped Lugonu.
Lugonu was pleased with you.
You were hungry.

You visited 1 branch of the dungeon, and saw 2 of its levels.
You visited the Abyss 1 time.

You collected 100 gold pieces.

Inventory:

Hand Weapons
 a - a +1 falchion (weapon)
Armour
 b - a +0 leather armour (worn)
Jewellery
 d - an uncursed ring of ice {unknown}
 i - a cursed -2 ring of protection {unknown}
Scrolls
 e - a scroll of remove curse {unknown}
 f - a scroll of enchant weapon {unknown}
 g - a scroll of identify {unknown}
 j - a scroll of recharging {unknown}
Potions
 k - a potion of agility {unknown}
Comestibles
 c - 3 bread rations
 h - 2 slices of pizza
 l - 3 fruits


   Skills:
 + Level 3.8 Fighting
 * Level 3.4 Long Blades
 + Level 1.6 Armour
 + Level 2.7 Dodging
 + Level 2.1 Invocations


You had 3 spell levels left.
You didn't know any spells.

Dungeon Overview and Level Annotations

Branches:
Dungeon (2/15)

Altars:


Message History

The kobold barely misses you.
You hit the kobold.
You kill the kobold!
Lugonu accepts your kill. The hobgoblin closely misses you.
Unknown command.
The hobgoblin closely misses you.
Unknown command.
Unknown command.
You hit the hobgoblin but do no damage. The hobgoblin hits you with a glaive!
* * * LOW HITPOINT WARNING * * *
Unknown command.
You are too injured to fight recklessly!
You are too injured to fight recklessly!
You are too injured to fight recklessly!
You closely miss the hobgoblin. The hobgoblin barely misses you.
You closely miss the hobgoblin. The hobgoblin barely misses you.
You closely miss the hobgoblin. You barely miss the hobgoblin.
The hobgoblin hits you with a glaive!
You die...

.. #. #. #. #. #.
#.########## #.
#.#.........
#.######.#.########
######.)....#...#.##
#......†...####....###
#......@.....†.........
#.....g.....###....###.
#.........#.# #....# #
#....................#.
####.#################.#
#. ..... . .##.. ..
..... .##.


You could see a hobgoblin.

Vanquished Creatures
  3 adders (D:2)
  2 oozes (D:1)
  A worm (D:1)
  3 dart slugs (D:1)
  8 bats
  2 giant cockroaches (D:2)
  3 goblins (D:1)
  3 hobgoblins (D:1)
  3 jackals (D:2)
  3 kobolds
  2 rats
33 creatures vanquished.

Notes
Turn   | Place    | Note
--------------------------------------------------------------
     0 | Abyss:1  | sudo the High Elf Abyssal Knight began the quest for the Orb.
     0 | Abyss:1  | Reached XP level 1. HP: 16/16 MP: 3/3
    70 | D:1      | Escaped the Abyss
   130 | D:1      | Reached skill level 1 in Armour
   276 | D:1      | Reached XP level 2. HP: 7/21 MP: 4/4
   976 | D:1      | Reached XP level 3. HP: 21/26 MP: 5/5
  1221 | D:1      | Reached ** piety under Lugonu
  1690 | D:2      | Reached XP level 4. HP: 26/33 MP: 6/6
  1801 | D:2      | Slain by a hobgoblin

Skill      XL: |  1  2 |
---------------+-------+-----
Armour         | 1 |  1.6
Long Blades    | 3 |  3.4
Fighting       | |  3.8
Dodging        | |  2.7
Invocations    | |  2.1

Action                   |  1- 3 |  4- 6 || total
-------------------------+-------+-------++-------
Melee: Falchion          |   111 |    14 ||   125
 Stab: Sleeping          |     1 |       ||     1
  Eat: Chunk             |     2 |       ||     2
Armor: Leather armour    |    36 |     5 ||    41
Dodge: Dodged            |    82 |    11 ||    93
